 Dungeon Crawl Stone Soup version 0.28-a0-175-gb2089b6bb7 (webtiles) character file.

Game seed: 4741811624797926653

1 Arne the Magician (level 1, -2/10 HPs)
             Began as a Deep Elf Hedge Wizard on Aug 17, 2021.
             Slain by a goblin (4 damage)
             ... on level 1 of the Dungeon.
             The game lasted 00:01:14 (96 turns).

Arne the Magician (Deep Elf Hedge Wizard)             Turns: 96, Time: 00:01:15

Health: -2/10      AC:  2    Str:  7    XL:     1   Next: 16%
Magic:  7/7        EV: 12    Int: 18    God:
Gold:   0          SH:  0    Dex: 14    Spells: 7/8 levels left

rFire   . . .      SeeInvis .   d - staff of death
rCold   . . .      Faith    .   (no shield)
rNeg    + . .      Spirit   .   b - +0 robe
rPois   .          Reflect  .   c - +0 hat
rElec   .          Harm     .   (no cloak)
rCorr   .          Rampage  .   (no gloves)
Will    .....                   (no boots)
Stlth   ++........              (no amulet)
HPRegen 0.03/turn               (no ring)
MPRegen 0.10/turn               (no ring)

@: no status effects
A: no striking features
a: no special abilities


You were on level 1 of the Dungeon.
You visited 1 branch of the dungeon, and saw 1 of its levels.

Inventory:

Hand Weapons
 a - a +0 dagger
Armour
 b - a +0 robe (worn)
 c - a +0 hat (worn)
Magical Staves
 d - a staff of death (weapon)


   Skills:
 + Level 2.4 Dodging
 + Level 2.4 Stealth
 - Level 4.4 Spellcasting
 + Level 1.1 Conjurations
 + Level 1.1 Summonings
 * Level 0.5 Necromancy
 + Level 1.1 Translocations


You had 7 spell levels left.
You knew the following spells:

 Your Spells              Type           Power      Damage    Failure   Level
a - Magic Dart            Conj           28%        1d4       9%          1

Your spell library contained the following spells:

 Spells                   Type           Power      Damage    Failure   Level
 Blink                    Tloc           N/A        N/A       14%         2
 Call Imp                 Summ           7%         N/A       14%         2
 Slow                     Hex            3%         N/A       22%         2
 Conjure Flame            Conj/Fire      5%         6-21      34%         3
 Mephitic Cloud           Conj/Pois/Air  5%         N/A       36%         3


Dungeon Overview and Level Annotations

Branches:
Dungeon (1/15)

Altars:


Message History

You add the spells Magic Dart, Blink, Call Imp, Slow, Conjure Flame and Mephitic Cloud to your library.
Welcome, Arne the Deep Elf Hedge Wizard.
Will you prevail where others failed? Will you find the Orb of Zot?
Press ? for a list of commands and other information.
Found 21 stones.
Found a staircase leading out of the dungeon.
Found 27 stones.
You see here 27 stones.
Found a faded altar of an unknown god.
There is a faded altar of an unknown god here.
Found a short runed staff.
You see here a staff of death.
d - a staff of death
d - a staff of death (weapon)
Found 17 stones.
You see here 17 stones.
A goblin comes into view. It is wielding a +0 dagger.
The goblin shouts!
You hear a shout!
Found a fizzy dark potion.
A goblin comes into view. It is wielding a +0 club.
You hit the goblin.
The goblin is severely wounded.
The goblin hits you with a +0 dagger.
You hit the goblin.
You kill the goblin!
The goblin hits you with a +0 club.
You closely miss the goblin. The goblin hits you with a +0 club.
* * * LOW HITPOINT WARNING * * *
You miss the goblin. The goblin barely misses you.
You closely miss the goblin. The goblin closely misses you.
You barely miss the goblin. The goblin hits you with a +0 club.
* * * LOW HITPOINT WARNING * * *
You closely miss the goblin. The goblin hits you with a +0 club.
You die...

#.# #.### #.# #....
#.#######
##.##.##.#..(..########
.
........#.###.#......#
...#......#.#
#.#.####.#
...!...##)#.#
#.....##.# #.g@....#
###.#.##.# #########
#.#.##.# #......#
###.#### #.# #+# #.#
#(# #.# ##.## #.#
##...## #.#


You could see a goblin.

Vanquished Creatures
  A goblin (D:1)
1 creature vanquished.

Notes
Turn   | Place    | Note
-------+----------+-------------------------------------------
     0 | D:1      | Arne the Deep Elf Hedge Wizard began the quest for the Orb.
     0 | D:1      | Reached XP level 1. HP: 10/10 MP: 7/7
    22 | D:1      | Found a faded altar of an unknown god.
    96 | D:1      | Slain by a goblin

Illustrated notes

Levels and vault maps discovered:
D:1:      dpeg_arrival_rhombi, layout_loops_cross,
          chequers_ecumenical_altar_twisty

Action                   || total
-------------------------++-------
Melee: Staff             ||     7
Dodge: Dodged            ||     2

Table legend: (Time is in decaauts)
 A = Elapsed time spent in this place.
 B = Non-inter-level travel time spent in this place.
 C = Inter-level travel time spent in this place.
 D = Time resting spent in this place.
 E = Time spent auto-exploring this place.
 F = Levels seen in this place.
 G = Mean time per level.
                   A        B        C        D        E       F      G
               +--------+--------+--------+--------+--------+-----+--------+
         Total |     96 |     96 |      0 |      0 |     20 |   1 |   96.0 |
       Dungeon |     96 |     96 |      0 |      0 |     20 |   1 |   96.0 |
               +--------+--------+--------+--------+--------+-----+--------+

Top non-repeatable levels by time:
     D:1: 96 daAuts
